 Dungeon Crawl Stone Soup version 0.20.1-1-g8b1a95d (webtiles) character file.

210 Somber the Thaumaturge (level 5, 0/42 HPs)
             Began as a Deep Elf Necromancer on Sept 15, 2017.
             Was an Initiate of Kikubaaqudgha.
             Succumbed to an adder's poison
             ... on level 4 of the Dungeon.
             The game lasted 00:12:57 (3503 turns).

Somber the Thaumaturge (Deep Elf Necromancer)       Turns: 3503, Time: 00:12:58

Health: 0/42       AC: 22    Str:  5    XL:     5   Next: 56%
Magic:  20/20      EV:  2    Int: 23    God:    Kikubaaqudgha [......]
Gold:   171        SH:  3    Dex: 15    Spells: 12/25 levels left

rFire    . . .     SeeInvis .   (no weapon)
rCold    . . .     Gourm    .   j - +0 buckler
rNeg     + + +     Faith    .   (armour currently unavailable)
rPois    +         Spirit   .   (helmet currently unavailable)
rElec    .         Reflect  .   (cloak currently unavailable)
rCorr    .         Harm     +   (gloves currently unavailable)
MR       .....     NoTele   +   (boots currently unavailable)
Stlth    +++.......             h - amulet of harm
Regen    0.2/turn               l - ring of stealth
MPRegen  0.2/turn               d - +2 ring of intelligence

@: lethally poisoned (0 -> -7), tree-form (expiring)
A: no striking features
a: Renounce Religion


You were on level 4 of the Dungeon.
You worshipped Kikubaaqudgha.
Kikubaaqudgha was noncommittal.
You were not hungry.
You were a tree.
You visited 1 branch of the dungeon, and saw 4 of its levels.

You collected 171 gold pieces.

Inventory:

Armour
 a - a +0 robe (melded)
 j - a +0 buckler (worn)
 k - a +0 cloak (melded)
Jewellery
 d - a +2 ring of intelligence (right branch)
 h - an amulet of harm (around neck)
 l - a ring of stealth (left branch)
 p - an uncursed ring of positive energy
Scrolls
 e - 3 scrolls of remove curse
 i - a scroll of recharging
 n - a scroll of identify
Potions
 f - a potion of lignification
 r - 2 potions of agility {unknown}
Books
 b - a book of Necromancy

   Spells                             Type                      Level
   a - Pain                           Necromancy                   1
   b - Animate Skeleton               Necromancy                   1
   c - Vampiric Draining              Necromancy                   3
   d - Regeneration                   Charms/Necromancy            3
   e - Animate Dead                   Necromancy                   4
   f - Control Undead                 Necromancy                   4
Comestibles
 c - 2 bread rations
 g - 4 meat rations
 s - 2 fruits


   Skills:
 + Level 4.3 Dodging
 - Level 2.4 Stealth
 - Level 10.5 Spellcasting
 - Level 10.1 Necromancy


You had 12 spell levels left.
You knew the following spells:

 Your Spells              Type           Power        Failure   Level  Hunger
a - Pain                  Necr           ####         1%          1    None
b - Animate Skeleton      Necr           N/A          1%          1    None
c - Vampiric Draining     Necr           ######....   1%          3    None
d - Animate Dead          Necr           N/A          1%          4    #......
e - Control Undead        Necr           ######....   1%          4    #......


Dungeon Overview and Level Annotations

Branches:
Dungeon (4/15)
 Temple: D:4-7

Altars:
Cheibriados
Fedhas
Kikubaaqudgha
Nemelex Xobeh
Qazlal
Trog
The Shining One


Message History

Confirm with . or Enter, or press ? or * to list all spells.
Aiming: Pain
Press: ? - help, Shift-Dir - straight line, f/p - adder
Aim: an adder (moderately wounded, chance to defeat MR: 89%)
The adder writhes in agony!
Your transformation is almost over.
The gnoll hits you but does no damage. The adder bites you but does no damage.
Casting: Pain
Confirm with . or Enter, or press ? or * to list all spells.
You don't have enough magic to cast that spell.
Casting: Pain
Confirm with . or Enter, or press ? or * to list all spells.
You don't know that spell.
Casting: Pain
Confirm with . or Enter, or press ? or * to list all spells.
There is nothing here that can be animated!
Okay, then.
It was a potion of magic.
Magic courses through your body.
You die...
Kikubaaqudgha rasps: "You have failed me!
Welcome... death!"

..# ..#.# ....####.# #.#.#
...# #.# #.#.# #..# #.#
#.#.# #..# #.# #.#.# #>.#
#.# #.#.# # ##..####.# #.#.#
##.##.......##########.#.##
.............ggS♣.........##
#####.##############.......#
#####.# ##...#..# ..g)..#
##.##..# ####### #.##..# ..#
#.##..# #.# #.....# #.#
#....## #.# #...##


You could see 2 gnolls and an adder.

Vanquished Creatures
  A gnoll shaman (D:4)
  A gnoll (D:4)
  5 adders
  An adder skeleton (D:4)
  A worm (D:2)
  4 orcs
  A bat (D:2)
  7 giant cockroaches
  7 goblins
  3 hobgoblins
  8 kobolds
  2 quokkas
  2 ball pythons (D:2)
  A frilled lizard (D:2)
  3 rats
47 creatures vanquished.

Vanquished Creatures (collateral kills)
  A worker ant (D:4)
  An adder skeleton (D:4)
  An orc (D:3)
  A quokka (D:3)
  A rat (D:3)
5 creatures vanquished.

Grand Total: 52 creatures vanquished

Notes
Turn   | Place    | Note
-------+----------+-------------------------------------------
     0 | D:1      | Somber the Deep Elf Necromancer began the quest for the Orb.
     0 | D:1      | Reached XP level 1. HP: 10/10 MP: 6/6
   178 | D:1      | Learned a level 1 spell: Animate Skeleton
   390 | D:1      | Reached skill level 5 in Necromancy
   548 | D:1      | Reached XP level 2. HP: 15/15 MP: 6/8
  1413 | D:2      | Found a glowing golden altar of the Shining One.
  1626 | D:2      | Reached XP level 3. HP: 17/19 MP: 8/10
  1916 | D:2      | Learned a level 3 spell: Vampiric Draining
  2274 | D:3      | Reached skill level 10 in Spellcasting
  2274 | D:3      | Reached skill level 10 in Necromancy
  2274 | D:3      | Reached XP level 4. HP: 24/24 MP: 11/18
  2383 | D:3      | Learned a level 4 spell: Animate Dead
  2562 | D:3      | Found a faded altar of an unknown god.
  3046 | D:3      | Found a blossoming altar of Fedhas.
  3046 | D:3      | Found an ancient bone altar of Kikubaaqudgha.
  3055 | D:3      | Found a stormy altar of Qazlal.
  3058 | D:3      | Found a bloodstained altar of Trog.
  3060 | D:3      | Found a faded altar of an unknown god.
  3073 | D:3      | Became a worshipper of Kikubaaqudgha
  3148 | D:4      | Reached XP level 5. HP: 28/28 MP: 18/20
  3196 | D:4      | Found a snail-covered altar of Cheibriados.
  3263 | D:4      | Found a sparkling altar of Nemelex Xobeh.
  3368 | D:4      | Learned a level 4 spell: Control Undead
  3501 | D:4      | HP: 1/42 [gnoll/spear (2)]
  3503 | D:4      | Succumbed to an adder's poison

Skill      XL: |  1  2  3  4  5 |
---------------+----------------+-----
Necromancy     | 5 10 | 10.1
Dodging        | 3 4 |  4.3
Spellcasting   | 10 | 10.5
Stealth        | |  2.4

Action                   |  1- 3 |  4- 6 || total
-------------------------+-------+-------++-------
Melee: Unarmed           |     2 |       ||     2
 Cast: Pain              |    53 |    36 ||    89
       Vampiric Draining |     3 |       ||     3
       Animate Dead      |       |    13 ||    13
       Control Undead    |       |     3 ||     3
  Use: Scroll            |     7 |     1 ||     8
       Potion            |     5 |     4 ||     9
  Eat: Chunk             |     4 |     1 ||     5
       Meat ration       |       |     1 ||     1
Armor: Robe              |     3 |     2 ||     5
       Skin              |       |    12 ||    12
Dodge: Dodged            |     6 |    25 ||    31
Block: Buckler           |       |     5 ||     5
